 Dungeon Crawl Stone Soup version 0.27-a0-1378-gdefffd1ff6 (webtiles) character file.

Game seed: 2209478970127699948

151 lmSkywalker the Sneak (level 5, -2/24 HPs)
             Began as a Vine Stalker Enchanter on June 29, 2021.
             Slain by an adder (3 damage)
             ... on level 3 of the Dungeon.
             The game lasted 00:16:47 (4277 turns).

lmSkywalker the Sneak (Vine Stalker Enchanter)      Turns: 4277, Time: 00:16:47

Health: -2/24      AC:  3    Str: 10    XL:     5   Next: 33%
Magic:  0/10       EV: 12    Int: 16    God:
Gold:   131        SH:  0    Dex: 15    Spells: 6/9 levels left

rFire    . . .     SeeInvis .   a - +1 dagger
rCold    . . .     Faith    .   (no shield)
rNeg     . . .     Spirit   +   b - +0 robe
rPois    .         Reflect  .   (no helmet)
rElec    .         Harm     .   d - +0 cloak
rCorr    .         Rampage  .   (no gloves)
Will     .....                  (no boots)
Stlth    +++.......             (no amulet)
HPRegen  1.08/turn              k - ring of flight
MPRegen  0.12/turn              (no ring)

@: lethally poisoned (-2 -> -2), flying
A: fangs 2, regeneration 1, magic shield, antimagic bite, no potion heal 2
a: no special abilities


You were on level 3 of the Dungeon.
You visited 1 branch of the dungeon, and saw 3 of its levels.

You collected 131 gold pieces.

Inventory:

Hand Weapons
 a - a +1 dagger (weapon)
Armour
 b - a +0 robe (worn)
 d - a +0 cloak (worn)
 f - a +0 kite shield
Jewellery
 k - a ring of flight (left hand)
Scrolls
 c - a scroll of teleportation
 e - 3 scrolls of identify {unknown}
 h - a scroll of enchant armour {unknown}
 j - a scroll of magic mapping {unknown}
 m - a scroll of fear {unknown}
 o - a scroll of amnesia {unknown}
Potions
 g - a potion of curing {unknown}
 i - 2 potions of brilliance {unknown}
 l - a potion of flight {unknown}
 n - a potion of degeneration {unknown}


   Skills:
 + Level 1.9 Short Blades
 + Level 2.2 Dodging
 + Level 4.4 Stealth
 + Level 1.1 Shields
 + Level 2.9 Spellcasting
 + Level 3.5 Hexes
 + Level 1.1 Ice Magic


You had 6 spell levels left.
You knew the following spells:

 Your Spells              Type           Power      Damage    Failure   Level
a - Corona                Hex            14%        N/A       4%          1
b - Ensorcelled Hibernat  Hex/Ice        18%        N/A       11%         2

Your spell library contained the following spells:

 Spells                   Type           Power      Damage    Failure   Level
 Confusing Touch          Hex            13%        N/A       13%         3
 Tukima's Dance           Hex            13%        N/A       13%         3
 Dazzling Flash           Conj/Hex       16%        N/A       26%         3


Dungeon Overview and Level Annotations

Branches:
Dungeon (3/15)

Altars:

Annotations:
D:1 exclusion: gnoll


Innate Abilities, Weirdness & Mutations

You have extremely sharp teeth.
Your natural rate of healing is unusually fast.
When hurt, damage is shared between your health and your magic reserves.
Your bite disrupts and absorbs the magic of your enemies.
Potions cannot restore your health.


Message History

The adder is moderately wounded.
The adder bites you.
You are poisoned.
The adder poisons you!
You barely miss the adder.
The adder is moderately wounded.
You feel sick. The adder closely misses you.
You hit the adder.
The adder is severely wounded.
The adder bites you. x2
You are too injured to fight recklessly!
You are too injured to fight recklessly!
You are too injured to fight recklessly!
You closely miss the adder.
The adder is severely wounded.
You feel sick. The adder bites you.
* * * LOW HITPOINT WARNING * * *
You hit the adder.
The adder is severely wounded.
You feel sick. The adder barely misses you.
You closely miss the adder.
The adder is severely wounded.
You feel sick. The adder bites you.
* * * LOW HITPOINT WARNING * * *
You are more poisoned.
The adder poisons you!
You hit the adder. Your bite misses the adder.
The adder is almost dead.
You feel sick. The adder closely misses you.
You closely miss the adder. Your bite misses the adder.
The adder is almost dead.
You feel sick. The adder bites you.
* * * LOW HITPOINT WARNING * * *
You completely miss the adder.
The adder is almost dead.
You feel sick. The adder closely misses you.
You barely miss the adder.
The adder is almost dead.
You feel sick. The adder bites you.
You die...

#...................# ###..#
#.......###########.####.....
#.......####### #......#.....
#.............###....<.#)....
#####..........#....S........
#.......P♣...##.##.......
#........P...##..........
#........S...###....†..##
#.......@.#### #....†..#
#.......### #.......#
######### #........#
#..>.....# #........#
#........# ########.#


You could see an adder.

Vanquished Creatures
  7 adders
  3 worms (D:3)
  4 dart slugs
  3 orcs (D:3)
  4 bats
  6 endoplasms
  2 giant cockroaches (D:2)
  5 goblins
  6 hobgoblins
  8 jackals
  3 quokkas (D:1)
  3 ball pythons
  4 frilled lizards
  4 kobolds
  5 rats
67 creatures vanquished.

Notes
Turn   | Place    | Note
-------+----------+-------------------------------------------
     0 | D:1      | lmSkywalker the Vine Stalker Enchanter began the quest for
                  | the Orb.
     0 | D:1      | Reached XP level 1. HP: 9/9 MP: 4/4
    84 | D:1      | Reached skill level 1 in Short Blades
   311 | D:1      | Reached XP level 2. HP: 10/13 MP: 3/6
   314 | D:1      | Learned a level 2 spell: Ensorcelled Hibernation
  1196 | D:1      | Reached skill level 4 in Stealth
  1570 | D:1      | Reached XP level 3. HP: 14/16 MP: 4/7
  1803 | D:1      | Found a faded altar of an unknown god.
  2424 | D:2      | Gained mutation: Your natural rate of healing is unusually
                  | fast. [Vine Stalker growth]
  2424 | D:2      | Reached XP level 4. HP: 21/21 MP: 7/9
  3740 | D:3      | Reached skill level 1 in Shields
  3740 | D:3      | Reached skill level 1 in Ice Magic
  3813 | D:3      | Reached XP level 5. HP: 24/24 MP: 10/10
  4275 | D:3      | HP: 1/24 [adder (3)]
  4277 | D:3      | Slain by an adder

Illustrated notes

Levels and vault maps discovered:
D:1:      minmay_arrival_jagged, layout_loops_corners,
          chequers_ecumenical_altar_grove, minmay_misc_feat_rows,
          hangedman_decor_push, corexii_hall_statues_deadend
D:2:      layout_basic, kennysheep_minor_cross
D:3:      layout_basic, serial_park_tiny_1, uniq_jessica, uniq_ijyb

Skill      XL: |  1  2  3  4 |
---------------+-------------+-----
Short Blades   | 1 |  1.9
Stealth        | 4 |  4.4
Dodging        | 2 |  2.2
Shields        | 1 |  1.1
Ice Magic      | 1 |  1.1
Spellcasting   | |  2.9
Hexes          | |  3.5

Action                   |  1- 3 |  4- 6 || total
-------------------------+-------+-------++-------
Melee: Dagger            |    87 |    93 ||   180
       Bite              |    14 |    10 ||    24
 Cast: Corona            |    18 |    16 ||    34
       Ensorcelled Hiber |     9 |    37 ||    46
  Use: Scroll            |       |     1 ||     1
 Stab: Sleeping          |    12 |    19 ||    31
Armor: Robe              |    17 |    15 ||    32
Dodge: Dodged            |    43 |    60 ||   103

Table legend: (Time is in decaauts)
 A = Elapsed time spent in this place.
 B = Non-inter-level travel time spent in this place.
 C = Inter-level travel time spent in this place.
 D = Time resting spent in this place.
 E = Time spent auto-exploring this place.
 F = Levels seen in this place.
 G = Mean time per level.
                   A        B        C        D        E       F      G
               +--------+--------+--------+--------+--------+-----+--------+
         Total |   4268 |   4028 |    240 |    415 |   2417 |   3 | 1422.7 |
       Dungeon |   4268 |   4028 |    240 |    415 |   2417 |   3 | 1422.7 |
               +--------+--------+--------+--------+--------+-----+--------+

Top non-repeatable levels by time:
     D:1: 2003 daAuts
     D:2: 1495 daAuts
     D:3: 769 daAuts
